 Dungeon Crawl Stone Soup version 0.17-a0-1769-g54adf96 (webtiles) character file.

85 ololoev the Charmwright (level 4, -10/36 HPs)
             Began as a Draconian Skald on Sept 7, 2015.
             Killed by divine providence
             ... invoked by an orc priest
              (16 damage)
             ... on level 3 of the Dungeon.
             The game lasted 00:08:41 (2885 turns).

ololoev the Charmwright (Draconian Skald)           Turns: 2885, Time: 00:08:41

Health: -10/36     AC:  5    Str: 14    XL:     4   Next: 25%
Magic:  7/7        EV: 12    Int: 12    God:
Gold:   65         SH:  0    Dex: 12    Spells: 2 memorised, 5 levels left

rFire  . . .     SeeInvis .     a - +0 mace
rCold  . . .     Clarity  .     (armour unavailable)
rNeg   . . .     SustAt   .     (no shield)
rPois  .         Gourm    .     (helmet restricted)
rElec  .         Spirit   .     (no cloak)
rCorr  .         Warding  .     (no gloves)
rMut   .         Stasis   .     (no boots)
MR     .....                    (no amulet)
Stlth  +.........               (no ring)
                                (no ring)

@: singing, not resistant to hostile enchantments, very unstealthy
A: unfitting armour, cold-blooded, AC +5
a: Stop Singing


Innate Abilities, Weirdness & Mutations

Your plain brown scales are hard (AC +5).
Your body does not fit into most forms of armour.
You are cold-blooded and may be slowed by cold attacks.

Inventory:

Hand weapons
 a - a +0 mace (weapon)
Scrolls
 e - 2 scrolls of recharging
Potions
 h - a potion of flight
Books
 b - a book of Battle

   Spells                             Type                      Level
   a - Infusion                       Charms                       1
   b - Shroud of Golubria             Charms/Translocation         2
   c - Song of Slaying                Charms                       2
   d - Spectral Weapon                Hexes/Charms                 3
   e - Regeneration                   Charms/Necromancy            3
Comestibles
 d - a slice of pizza
 g - a meat ration


   Skills:
 - Level 2.1 Fighting
 * Level 3.2 Maces & Flails
 - Level 1.3 Dodging
 + Level 2.6 Spellcasting
 * Level 3.5 Charms


You had 5 spell levels left.
You knew the following spells:

 Your Spells              Type           Power        Failure   Level  Hunger
a - Infusion              Chrm           ##....       8%          1    #......
b - Song of Slaying       Chrm           ##......     12%         2    ###....


You were on level 3 of the Dungeon.
You were not hungry.

You visited 1 branch of the dungeon, and saw 3 of its levels.

You collected 65 gold pieces.

..#.. ...o.....##... . [.
..........#... .. ##...
..o.... ...... ...
#..#.#....... ......
..###............ #<..
#....#...o...... #...
#....#.......... #...
#....###.# ##..
####.....@oo# ###
#.......##### ##
..##....#################.
..........................
####....#################.
###### ##

Notes
Turn   | Place    | Note
--------------------------------------------------------------
     0 | D:1      | ololoev the Draconian Skald began the quest for the Orb.
     0 | D:1      | Reached XP level 1. HP: 17/17 MP: 3/3
   209 | D:1      | Reached XP level 2. HP: 15/24 MP: 5/5
   213 | D:1      | Learned a level 2 spell: Song of Slaying
   314 | D:1      | Reached skill level 3 in Charms
   753 | D:1      | You fall through a shaft!
   828 | D:2      | Reached XP level 3. HP: 13/29 MP: 6/6
  1681 | D:2      | Found a basalt altar of Yredelemnul.
  1681 | D:2      | Found a snail-covered altar of Cheibriados.
  1808 | D:2      | Reached XP level 4. HP: 7/36 MP: 1/7
  1847 | D:2      | Noticed Terence
  2885 | D:3      | Killed from afar by an orc priest

Dungeon Overview and Level Annotations

Branches:
Dungeon (3/15)

Altars:
Cheibriados
Yredelemnul

Annotations:
D:2 Terence


Message History

You closely miss the orc. The orc barely misses you.
You closely miss the orc. The orc closely misses you.
Press: ? - help, v - describe, . - travel, g - get item
Here: an orc, wielding a mace A short sword.
There is something else lying underneath.
The floor.
You hit the orc.
The orc is moderately wounded.
The orc hits you with a mace.
You closely miss the orc.
The orc is moderately wounded.
The orc barely misses you.
You hit the orc.
You kill the orc!
You thump the orc!
The orc is severely wounded.
The orc closely misses you.
The orc priest invokes the aid of Beogh against you.
Something smites you! The orc barely misses you.
You hit the orc.
The orc is almost dead.
The orc hits you but does no damage.
You thump the orc!
You kill the orc!
The orc priest invokes the aid of Beogh against you.
Something smites you!
The orc priest looks braver for a moment.
You hit the orc.
Your tail-slap misses the orc.
The orc is moderately wounded.
The orc priest calls upon Beogh to heal the orc.
The orc's wounds heal themselves!
The orc hits you but does no damage.
The orc priest miscasts a cantrip.
All of the chunks of flesh in your inventory have rotted away.
You hit the orc.
The orc is heavily wounded.
The orc hits you with a club.
The orc priest mumbles some strange prayers to Beogh against you.
Something smites you!
You die...

You could see an orc priest and an orc.

Vanquished Creatures
  2 adders (D:2)
  An ooze (D:2)
  A worm (D:2)
  4 giant geckos
  3 orcs (D:3)
  3 goblins (D:1)
  5 hobgoblins
  12 jackals (D:2)
  6 bats
  2 giant cockroaches (D:1)
  A giant newt (D:1)
  6 kobolds
  4 rats
50 creatures vanquished.

Action                   |  1- 3 |  4- 6 || total
-------------------------+-------+-------++-------
Melee: Mace              |   151 |    60 ||   211
 Cast: Infusion          |     3 |       ||     3
       Song of Slaying   |     3 |     2 ||     5
  Use: Scroll            |       |     3 ||     3
       Potion            |       |     3 ||     3
  Eat: Chunk             |     3 |     1 ||     4
       Bread ration      |       |     1 ||     1

Vault maps used:
D:1:      lemuel_arrival_funnel
D:2:      amethyst_overflow_temple_binary, uniq_terence
D:3:      fiery_altar_vehumet, uniq_jessica
